[Event "Titled Tuesday Blitz July 25 Late 2023"]
[White "Stoyanov, Tsvetan"]
[Black "Papayan, Oleg"]
[WhiteFideId "2917173"]
[BlackFideId "4193911"]
[WhiteElo "2763"]
[BlackElo "2478"]
[Result "1-0"]
[Round "6"]
[TimeControl "180+2"]
[Date "2023.07.25"]
[WhiteClock "0:00:07"]
[BlackClock "0:00:00"]
[Board "81"]

1. e4 d5 2. exd5 Qxd5 3. Nc3 Qd8 4. d4 Bf5 5. Qf3 Qc8 6. Bc4 Nf6 7. Nge2 Bxc2 8. O-O e6 9. Bf4 c6 10. Rac1 Bg6 11. Nb5 Be4 12. Qe3 cxb5 13. Bd5 Nc6 14. Bxe4 Nxe4 15. Qxe4 Be7 16. d5 exd5 17. Qxd5 a6 18. Nd4 Qd7 19. Qxd7+ Kxd7 20. Nxc6 bxc6 21. Rfd1+ Ke6 22. Rxc6+ Kf5 23. g3 Rhd8 24. Re1 Bf6 25. h3 Rdc8 26. Rb6 Rc2 27. Rb7 Rxb2 28. Rxf7 Kg6 29. Rd7 Rxa2 30. g4 Rc8 31. Re6 h6 32. h4 Rf8 33. Be3 Kh7 34. g5 hxg5 35. hxg5 Ba1 36. g6+ Kg8 37. Ree7 Bf6 38. Rf7 Rxf7 39. gxf7+ Kf8 40. Bc5+ 1-0


[Site "https://www.chess.com"]

[Event "Titled Tuesday Blitz July 25 Late 2023"]
[White "Urbina Perez, Juan Antonio"]
[Black "Mekhitarian, Krikor Sevag"]
[WhiteFideId "2217368"]
[BlackFideId "2107660"]
[WhiteElo "2476"]
[BlackElo "2757"]
[Result "1/2-1/2"]
[Round "6"]
[TimeControl "180+2"]
[Date "2023.07.25"]
[WhiteClock "0:00:14"]
[BlackClock "0:00:02"]
[Board "82"]

1. e4 e6 2. d4 d5 3. Nc3 Nf6 4. e5 Nfd7 5. Nce2 c5 6. c3 Nc6 7. Nf3 Be7 8. g3 Qa5 9. Bd2 Qb6 10. Rb1 a5 11. Bh3 O-O 12. O-O a4 13. a3 Qa6 14. Re1 Na5 15. dxc5 Nxc5 16. Ned4 Nc4 17. Bg5 Bxg5 18. Nxg5 h6 19. Ngf3 Bd7 20. Bf1 Qb6 21. Bxc4 dxc4 22. Nd2 Qa6 23. Re3 Rad8 24. Qe2 b5 25. Ne4 Nd3 26. f4 Qa8 27. Nf2 Nc5 28. Qf3 Qxf3 29. Rxf3 Rb8 30. Re3 Rfd8 31. Ne4 Nxe4 32. Rxe4 Rb6 33. Re2 Kf8 34. Rd1 Ke7 35. Red2 Rbb8 36. Kf2 f6 37. Nc2 fxe5 38. fxe5 Rf8+ 39. Kg1 Rb7 40. Nd4 Rc7 41. Rf1 Rxf1+ 42. Kxf1 Rc5 43. Re2 Be8 44. Kf2 Bg6 45. Re3 Be8 46. h4 Bd7 47. Kf3 Kf7 48. Kg4 Kg6 49. Kh3 Rd5 50. g4 Kf7 51. Kg3 Ke7 52. Kf4 Rc5 53. g5 Rc8 54. Kg3 hxg5 55. hxg5 Rh8 56. Kg2 Rh5 57. Rg3 Rh4 58. Kf3 Kd8 59. Rg4 Rh2 60. Rg2 Rh4 61. Rg4 Rh1 62. Rg2 Kc7 63. Ke4 Re1+ 64. Re2 Rg1 65. Nf3 Bc6+ 66. Ke3 Rg3 67. Rf2 Kb6 68. Kf4 Rxf3+ 69. Rxf3 Bxf3 70. Kxf3 Kc5 71. g6 Kd5 72. Kf4 Kc6 73. Ke3 Kb6 74. Kd4 Kc6 75. Ke3 Kd5 76. Kf4 Kc6 77. Ke3 1/2-1/2


[Site "https://www.chess.com"]

[Event "Titled Tuesday Blitz July 25 Late 2023"]
[White "Wu, Derek"]
[Black "SilverCityIndigo"]
[WhiteFideId "30914558"]
[WhiteElo "2753"]
[BlackElo "2444"]
[Result "1-0"]
[Round "6"]
[TimeControl "180+2"]
[Date "2023.07.25"]
[WhiteClock "0:00:26"]
[BlackClock "0:00:03"]
[Board "83"]

1. e4 Na6 2. d4 c6 3. Nf3 Nc7 4. Bd3 d5 5. e5 g6 6. Nbd2 Bg7 7. O-O h5 8. h3 h4 9. Re1 Nh6 10. a4 Bf5 11. Be2 e6 12. Nf1 Be4 13. Bg5 f6 14. exf6 Bxf6 15. Bf4 g5 16. Be5 Nf7 17. N1d2 g4 18. hxg4 h3 19. Bd3 Bxd3 20. cxd3 hxg2 21. Bxc7 Qxc7 22. Rxe6+ Be7 23. Qe2 Ng5 24. Kxg2 Nh3 25. Qe5 Nf4+ 26. Kg1 Nh3+ 27. Kf1 Qxe5 28. Rxe5 Nf4 29. Rae1 Rh1+ 30. Ng1 Rh7 31. R1e3 Kd7 32. Rf5 Bd6 33. Ndf3 Rg8 34. g5 Ne6 35. Ke2 Rh1 36. Rf7+ Be7 37. Ne5+ Ke8 38. Ngf3 Bxg5 39. Nxg5 Rxg5 40. Rxb7 Rgg1 41. Nf3 Rh6 42. Nxg1 1-0


[Site "https://www.chess.com"]

[Event "Titled Tuesday Blitz July 25 Late 2023"]
[White "Gatterer, Florian"]
[Black "Bernabeu Lopez, Carlos Javier"]
[WhiteFideId "811688"]
[BlackFideId "2235366"]
[WhiteElo "2435"]
[BlackElo "2645"]
[Result "0-1"]
[Round "6"]
[TimeControl "180+2"]
[Date "2023.07.25"]
[WhiteClock "0:00:00"]
[BlackClock "0:01:12"]
[Board "84"]

1. b3 e5 2. c4 Nc6 3. Bb2 g6 4. Nf3 Bg7 5. e3 d6 6. d4 Nge7 7. dxe5 Nxe5 8. Nxe5 Bxe5 9. Bxe5 dxe5 10. Qxd8+ Kxd8 11. Nc3 c6 12. O-O-O+ Kc7 13. Be2 Be6 14. h4 Rad8 15. h5 Rxd1+ 16. Bxd1 Rd8 17. hxg6 hxg6 18. Be2 b6 19. Rh7 Kd7 20. Ne4 f5 21. Ng5 Bg8 22. Rh1 c5 23. Bf3 a5 24. a4 Ke8 25. Rd1 Rxd1+ 26. Kxd1 e4 27. Be2 Kf8 28. f3 Kg7 29. f4 Kf6 30. Nh3 Be6 31. g3 Nc6 32. Kd2 Nd8 33. Bd1 Nf7 34. Be2 g5 35. Bh5 g4 36. Nf2 Nd6 37. Nd1 Kg7 38. Nc3 Kh6 39. Be8 Nxe8 0-1


[Site "https://www.chess.com"]

[Event "Titled Tuesday Blitz July 25 Late 2023"]
[White "Sztokbant, Bernardo Vainzoff"]
[Black "Krishnan, Varun"]
[WhiteFideId "2115956"]
[BlackFideId "5054508"]
[WhiteElo "2428"]
[BlackElo "2580"]
[Result "1-0"]
[Round "6"]
[TimeControl "180+2"]
[Date "2023.07.25"]
[WhiteClock "0:00:20"]
[BlackClock "0:00:02"]
[Board "86"]

1. e4 c5 2. Nf3 a6 3. c3 e6 4. d4 d5 5. exd5 exd5 6. Be2 Nf6 7. O-O cxd4 8. cxd4 Nc6 9. Nc3 Be7 10. Bf4 O-O 11. Re1 Bf5 12. Ne5 Ne4 13. Bf3 Nxe5 14. Bxe5 Nxc3 15. bxc3 Qa5 16. Bxg7 Kxg7 17. Rxe7 Qxc3 18. Rxb7 Rab8 19. Rxb8 Rxb8 20. Bxd5 Rb2 21. h3 Rd2 22. Qe1 Qxd4 23. Bf3 Rxf2 24. Qxf2 Qxa1+ 25. Kh2 Qe5+ 26. Qg3+ Kf6 27. Qxe5+ Kxe5 28. Kg3 Be6 29. a3 Kd4 30. Kf4 h6 31. Bc6 a5 32. Be8 Kc3 33. Ke5 Bb3 34. Kf6 Kb2 35. a4 Ka3 36. g4 Kb4 37. Kg7 Bxa4 38. Bxf7 Bb3 39. Be8 a4 40. Bxa4 Kxa4 41. Kxh6 Kb5 42. Kg7 Kc5 43. g5 Kd6 44. h4 Ke7 45. h5 Bc2 46. h6 Ke6 47. h7 1-0


[Site "https://www.chess.com"]

[Event "Titled Tuesday Blitz July 25 Late 2023"]
[White "Krzywda, Andrzej"]
[Black "Vlassov, Nikolai"]
[WhiteFideId "1114565"]
[BlackFideId "4103360"]
[WhiteElo "2423"]
[BlackElo "2563"]
[Result "0-1"]
[Round "6"]
[TimeControl "180+2"]
[Date "2023.07.25"]
[WhiteClock "0:00:00"]
[BlackClock "0:00:11"]
[Board "87"]

1. e4 c5 2. Nf3 d6 3. d4 cxd4 4. Nxd4 Nf6 5. Nc3 g6 6. Be3 a6 7. f3 Nbd7 8. Qd2 Qc7 9. h4 h5 10. O-O-O b5 11. Nd5 Nxd5 12. exd5 Bb7 13. Nb3 Nf6 14. Kb1 Bxd5 15. Bd4 Bxb3 16. cxb3 Bg7 17. g4 hxg4 18. fxg4 e5 19. Bc3 Ne4 20. Qd5 Nxc3+ 21. bxc3 Rc8 22. c4 Qc6 23. Qxc6+ Rxc6 24. cxb5 Rb6 25. bxa6 Ke7 26. Bc4 f5 27. h5 gxh5 28. gxf5 h4 29. a4 Bf6 30. a5 Rb4 31. Bd5 Rb5 32. a7 Rxa5 33. a8=Q Rhxa8 34. Bxa8 Rxa8 35. Rd5 e4 36. Rhd1 Ra1+ 37. Kc2 Ra2+ 38. Kb1 Rb2+ 39. Kc1 Rxb3 40. Rxd6 Bc3 41. Re6+ Kf7 42. Rd7+ Kf8 43. Rh6 e3 44. Rxh4 e2 45. Re4 e1=Q+ 46. Rxe1 Bxe1 47. Kc2 Rf3 48. Rd5 Bh4 49. Rb5 Kf7 50. Kd2 Kf6 51. Ke2 Ra3 52. Kd2 Bg3 53. Ke2 Be5 54. Kd2 Kxf5 55. Kc2 Ke4 0-1


[Site "https://www.chess.com"]

[Event "Titled Tuesday Blitz July 25 Late 2023"]
[White "Ambartsumova, Karina"]
[Black "Herman, Daniel"]
[WhiteFideId "4166299"]
[BlackFideId "30935008"]
[WhiteElo "2554"]
[BlackElo "2415"]
[Result "1-0"]
[Round "6"]
[TimeControl "180+2"]
[Date "2023.07.25"]
[WhiteClock "0:00:13"]
[BlackClock "0:00:00"]
[Board "88"]

1. e4 Nc6 2. Nf3 d6 3. d4 g6 4. Nc3 Bg7 5. d5 Ne5 6. Nxe5 dxe5 7. Be3 Nf6 8. f3 O-O 9. Qd2 e6 10. O-O-O exd5 11. exd5 c6 12. d6 Be6 13. h4 Qa5 14. Bh6 Nd5 15. Nxd5 Qxd2+ 16. Bxd2 cxd5 17. Bb4 Rfd8 18. h5 g5 19. g3 Bf8 20. Re1 f6 21. f4 gxf4 22. gxf4 e4 23. Rg1+ Kf7 24. c4 Bxd6 25. Bxd6 Rxd6 26. cxd5 Bxd5 27. Kb1 Rg8 28. Rxg8 Kxg8 29. Bh3 Be6 30. f5 Bd7 31. Rxe4 Kf7 32. h6 Rd2 33. Re3 Bc6 34. Rg3 Be4+ 35. Kc1 Rc2+ 36. Kd1 Rxb2 37. Rg7+ Ke8 38. Rxh7 Rh2 39. Bg4 Rh4 40. Rg7 Rxh6 41. Kd2 Rh2+ 42. Ke3 Bc6 43. Rg6 Ke7 44. Rg7+ Kd6 45. Rf7 Ke5 46. Re7+ Kd6 47. Re6+ Kc5 48. Rxf6 Rxa2 49. Re6 Ra1 50. Kf4 Rf1+ 51. Kg5 a5 52. f6 a4 53. Re5+ Kd6 54. Re6+ Kc7 55. Re7+ Kd8 56. Re3 b5 57. Bf5 Bd5 58. Rd3 b4 59. Rxd5+ Kc7 60. f7 Kc6 61. Rd3 Rg1+ 62. Kf6 Rh1 63. f8=Q 1-0


[Site "https://www.chess.com"]

[Event "Titled Tuesday Blitz July 25 Late 2023"]
[White "Andrews, Todd"]
[Black "ElDivis"]
[WhiteFideId "2012456"]
[WhiteElo "2373"]
[BlackElo "2536"]
[Result "0-1"]
[Round "6"]
[TimeControl "180+2"]
[Date "2023.07.25"]
[WhiteClock "0:01:11"]
[BlackClock "0:01:14"]
[Board "89"]

1. e4 c5 2. Nf3 d6 3. d4 cxd4 4. Nxd4 Nf6 5. Nc3 g6 6. Bg5 Bg7 7. Bb5+ Nbd7 8. Qe2 Qa5 9. Nb3 Qd8 10. O-O-O O-O 11. f4 a6 12. Bxd7 Bxd7 13. Bxf6 Bxf6 14. e5 Bg7 15. Ne4 Bc6 16. exd6 exd6 17. Nxd6 Qf6 18. Rd4 Rad8 19. Rhd1 Rxd6 20. Rxd6 Qxb2+ 21. Kd2 Bc3+ 22. Ke3 Re8+ 23. Kf2 Rxe2+ 24. Kxe2 Qxc2+ 25. Ke3 Qxg2 26. Nd4 Qe4+ 27. Kf2 Qxf4+ 28. Ke2 Qxd6 0-1


[Site "https://www.chess.com"]

[Event "Titled Tuesday Blitz July 25 Late 2023"]
[White "Duarte, Leonardo"]
[Black "Benedetti, Julio"]
[WhiteFideId "110582"]
[BlackFideId "172545"]
[WhiteElo "2357"]
[BlackElo "2512"]
[Result "0-1"]
[Round "6"]
[TimeControl "180+2"]
[Date "2023.07.25"]
[WhiteClock "0:00:00"]
[BlackClock "0:00:05"]
[Board "90"]

1. e4 c5 2. Nf3 d6 3. d4 cxd4 4. Nxd4 Nf6 5. Nc3 a6 6. f3 e5 7. Nb3 Be7 8. Be3 h5 9. Nd5 Nxd5 10. exd5 Bf5 11. Bd3 Qd7 12. Qd2 b5 13. O-O-O g6 14. h3 Bxd3 15. Qxd3 a5 16. Kb1 a4 17. Nc1 Na6 18. g4 Rc8 19. Qd2 b4 20. f4 hxg4 21. hxg4 Rxh1 22. Rxh1 Qxg4 23. fxe5 dxe5 24. d6 Bf6 25. Nd3 b3 26. cxb3 axb3 27. axb3 Qe4 28. d7+ Kxd7 29. Rf1 Ke7 30. Re1 Qf5 31. Ka1 Ra8 32. Kb1 Ke8 33. Rd1 Rd8 34. Qc3 Rc8 35. Qa5 Nc7 36. Qc5 Na6 37. Qb5+ Kf8 38. Qxa6 Kg7 39. Qb5 Rd8 40. Ka2 Ra8+ 41. Kb1 Rd8 42. Qc4 Qf3 43. Bb6 Qxd1+ 44. Ka2 Rxd3 45. Bc5 Rd7 46. Qb5 Qd5 47. Qb6 e4 48. Bf8+ Kxf8 49. Qxf6 Qa5+ 50. Kb1 Rd1+ 0-1


[Site "https://www.chess.com"]

[Event "Titled Tuesday Blitz July 25 Late 2023"]
[White "Fernandez Siles, Luis"]
[Black "Machidon, Cristi"]
[WhiteFideId "2209420"]
[BlackFideId "13904590"]
[WhiteElo "2337"]
[BlackElo "2507"]
[Result "0-1"]
[Round "6"]
[TimeControl "180+2"]
[Date "2023.07.25"]
[WhiteClock "0:00:00"]
[BlackClock "0:00:13"]
[Board "91"]

1. e4 c6 2. d4 d5 3. exd5 cxd5 4. c4 Nf6 5. Nc3 e6 6. Nf3 Be7 7. cxd5 Nxd5 8. Bd3 O-O 9. O-O Nc6 10. Re1 Nxc3 11. bxc3 b6 12. Qe2 Bb7 13. Qe4 g6 14. Bh6 Re8 15. Qg4 Rc8 16. Rxe6 fxe6 17. Bxg6 Bf6 18. Bxe8+ Kh8 19. Bf7 Qe7 20. Bxe6 Re8 21. d5 Nd8 22. Ng5 Bxd5 23. Re1 Nxe6 24. Qh5 Kg8 25. h4 Rd8 26. Nxe6 Bxe6 27. Bg5 Qf7 28. Qe2 Bd5 0-1


[Site "https://www.chess.com"]

[Event "Titled Tuesday Blitz July 25 Late 2023"]
[White "Koc, Przemyslaw"]
[Black "AndresDelgado77"]
[WhiteFideId "1109081"]
[WhiteElo "2505"]
[BlackElo "2332"]
[Result "1-0"]
[Round "6"]
[TimeControl "180+2"]
[Date "2023.07.25"]
[WhiteClock "0:00:40"]
[BlackClock "0:00:00"]
[Board "92"]

1. Nf3 d5 2. g3 Nf6 3. Bg2 c6 4. O-O Bf5 5. c4 e6 6. Qb3 Qb6 7. d3 Nbd7 8. cxd5 exd5 9. Be3 Bc5 10. Bxc5 Nxc5 11. Qxb6 axb6 12. Nbd2 b5 13. Nd4 Bd7 14. e4 Nxd3 15. exd5 c5 16. N4b3 c4 17. Nd4 Nxb2 18. Rfe1+ Kd8 19. d6 Ra7 20. Re7 Rf8 21. a3 Na4 22. Rae1 Nc3 23. N2f3 Ne8 24. Ne5 Nf6 25. Nxf7+ Kc8 26. Ne5 g6 27. Nxd7 Nxd7 28. Bh3 b6 29. Nc6 Rb7 30. Ne5 Nd5 31. Nxd7 Rxd7 32. Bxd7+ Kd8 33. Bxb5 c3 34. Rd7+ Kc8 35. Rc1 Kb8 36. Re7 1-0


[Site "https://www.chess.com"]

[Event "Titled Tuesday Blitz July 25 Late 2023"]
[White "Senft, Sean"]
[Black "O`Gorman, Tom"]
[WhiteFideId "2044960"]
[BlackFideId "2508249"]
[WhiteElo "2323"]
[BlackElo "2505"]
[Result "0-1"]
[Round "6"]
[TimeControl "180+2"]
[Date "2023.07.25"]
[WhiteClock "0:02:26"]
[BlackClock "0:02:19"]
[Board "93"]

1. d4 Nf6 2. c4 e5 3. dxe5 Ng4 4. e4 Nxe5 5. f4 Ng6 6. Be3 Nc6 7. Nc3 Bb4 8. Nf3 d6 9. Qc2 O-O 10. Bd3 Re8 11. O-O Bg4 12. Nd5 Bxf3 13. Rxf3 Bc5 14. Bxc5 dxc5 15. e5 Nd4 16. Qf2 c6 17. Nc3 Nxf3+ 18. Qxf3 Qd4+ 19. Kh1 Qxf4 20. Qh3 Qxe5 21. Rf1 Rad8 22. Bxg6 hxg6 23. Qf3 Qf6 24. Qe2 Rxe2 0-1


[Site "https://www.chess.com"]

[Event "Titled Tuesday Blitz July 25 Late 2023"]
[White "Santos, Rafael Ventura Dos"]
[Black "Tikhonov, Viacheslav"]
[WhiteFideId "2122227"]
[BlackFideId "44196407"]
[WhiteElo "2312"]
[BlackElo "2505"]
[Result "1-0"]
[Round "6"]
[TimeControl "180+2"]
[Date "2023.07.25"]
[WhiteClock "0:02:40"]
[BlackClock "0:01:51"]
[Board "94"]

1. e4 c6 2. d4 d5 3. e5 Bf5 4. h4 h5 5. Bg5 Qa5+ 6. Nd2 e6 7. c3 c5 8. dxc5 Nc6 9. b4 Qc7 10. Ngf3 Nxe5 11. Nxe5 Qxe5+ 12. Be2 Qxc3 13. Qa4+ b5 14. Qxb5# 1-0


[Site "https://www.chess.com"]

[Event "Titled Tuesday Blitz July 25 Late 2023"]
[White "slidingknight2775"]
[Black "Georg, Heinz"]
[BlackFideId "4607295"]
[WhiteElo "2486"]
[BlackElo "2293"]
[Result "1/2-1/2"]
[Round "6"]
[TimeControl "180+2"]
[Date "2023.07.25"]
[WhiteClock "0:00:04"]
[BlackClock "0:00:07"]
[Board "95"]

1. Nf3 f5 2. d3 Nc6 3. e4 e5 4. c3 fxe4 5. dxe4 Nf6 6. Nbd2 Bc5 7. Bc4 d6 8. O-O Qe7 9. Qe2 Be6 10. Bxe6 Qxe6 11. b4 Bb6 12. a4 a5 13. b5 Nb8 14. Nc4 Bc5 15. Ba3 Nbd7 16. Bxc5 Nxc5 17. Nfd2 b6 18. f3 O-O 19. Ne3 Rf7 20. Qc4 Qxc4 21. Ndxc4 g6 22. Rfd1 Nfd7 23. Nd5 Nf8 24. Nb2 Nfe6 25. Nd3 Rd8 26. h4 Kg7 27. Nxc5 Nxc5 28. Kh2 h6 29. Kg3 Ne6 30. Rac1 Nf4 31. Nxf4 Rxf4 32. Rd5 Rdf8 33. c4 R8f7 34. Rc3 g5 35. hxg5 hxg5 36. c5 bxc5 37. b6 cxb6 38. Rxd6 R7f6 39. Rd7+ Kg6 40. Rd8 Rf8 41. Rd6+ R4f6 42. Rd5 Re6 43. Kg4 Rf4+ 44. Kg3 g4 45. Rd8 gxf3 46. gxf3 Rf7 47. Rcd3 Kf6 48. Kf2 Rh7 49. R3d6 Re7 50. Rd2 Rc6 51. R2d6+ Rxd6 52. Rxd6+ Re6 53. Rd5 Rc6 54. Ke3 c4 55. Kd2 Ke6 56. Kc3 Kf6 57. Rd7 Kg5 58. Rf7 Kh4 59. Rf5 Rc5 60. f4 exf4 61. Rxf4+ Kg3 62. Rf5 Rc6 63. e5 Kg4 64. Rf6 Rc8 65. Rxb6 Kf5 66. e6 Kf6 67. Rb5 Kxe6 68. Rxa5 Kd6 69. Rb5 Rc7 70. Rb4 Kd5 71. Rb5+ Kd6 72. Rb4 Kd5 73. Rb5+ Kd6 1/2-1/2


[Site "https://www.chess.com"]

[Event "Titled Tuesday Blitz July 25 Late 2023"]
[White "Ai, Evan"]
[Black "Hamidi, Amir Mohammad"]
[WhiteFideId "2094770"]
[BlackFideId "12563285"]
[WhiteElo "2403"]
[BlackElo "2768"]
[Result "1-0"]
[Round "6"]
[TimeControl "180+2"]
[Date "2023.07.25"]
[WhiteClock "0:00:07"]
[BlackClock "0:00:08"]
[Board "96"]

1. d4 Nf6 2. c4 e6 3. Nf3 b6 4. g3 Bb7 5. Bg2 Be7 6. Nc3 O-O 7. O-O Ne4 8. Nxe4 Bxe4 9. Nd2 Bxg2 10. Kxg2 c5 11. d5 exd5 12. cxd5 d6 13. Nf3 Bf6 14. Qd3 Nd7 15. Bf4 Qc7 16. Rab1 a6 17. h4 b5 18. h5 c4 19. Qf5 Rfe8 20. Be3 Ne5 21. g4 Qc8 22. Qxc8 Raxc8 23. g5 Nxf3 24. exf3 Be7 25. f4 f5 26. Rfe1 Kf7 27. Bd4 Bf8 28. Kf3 g6 29. hxg6+ Kxg6 30. Rh1 b4 31. Rh3 Re4 32. Be3 Rc7 33. Rbh1 c3 34. bxc3 bxc3 35. Kg2 c2 36. Bc1 Rd4 37. Bb2 Rxd5 38. Rh6+ Bxh6 39. Rxh6+ Kf7 40. Rxh7+ Kg8 41. Rxc7 Rd1 42. Rc3 c1=Q 43. Rxc1 Rd2 44. Bc3 Rxa2 45. Rb1 Ra3 46. Rb8+ Kf7 47. Rb7+ Ke8 48. Bf6 d5 49. g6 Kf8 50. g7+ Kg8 51. Rb8+ Kf7 52. g8=Q+ Kxf6 53. Rb6+ 1-0


[Site "https://www.chess.com"]

[Event "Titled Tuesday Blitz July 25 Late 2023"]
[White "Shuvalova, Polina"]
[Black "Dwilewicz, Katarzyna"]
[WhiteFideId "24171760"]
[BlackFideId "1148486"]
[WhiteElo "2623"]
[BlackElo "2402"]
[Result "1-0"]
[Round "6"]
[TimeControl "180+2"]
[Date "2023.07.25"]
[WhiteClock "0:01:33"]
[BlackClock "0:00:18"]
[Board "97"]

1. a3 e5 2. b4 d5 3. Bb2 Bd6 4. Nf3 Qe7 5. d3 Nf6 6. Nbd2 e4 7. Nd4 O-O 8. e3 a6 9. Be2 Re8 10. dxe4 dxe4 11. c4 c6 12. c5 Bc7 13. Nc4 Nd5 14. Qc2 Qg5 15. g3 Bg4 16. h4 Qh5 17. Bxg4 Qxg4 18. Qe2 Qxe2+ 19. Kxe2 Nd7 20. Nf5 f6 21. Ncd6 Red8 22. Nxb7 Rdb8 23. Nbd6 a5 24. Bd4 axb4 25. axb4 Nxb4 26. Rhb1 Rxa1 27. Rxa1 Nc2 28. Ra7 Nxd4+ 29. exd4 Bxd6 30. cxd6 Nb6 31. Ne7+ Kf8 32. Nxc6 Rc8 33. d5 Nxd5 34. d7 1-0


[Site "https://www.chess.com"]

[Event "Titled Tuesday Blitz July 25 Late 2023"]
[White "Aggelis, Nikolaos"]
[Black "Davidson, Kevin"]
[WhiteFideId "4213220"]
[BlackFideId "2056810"]
[WhiteElo "2602"]
[BlackElo "2391"]
[Result "1-0"]
[Round "6"]
[TimeControl "180+2"]
[Date "2023.07.25"]
[WhiteClock "0:00:45"]
[BlackClock "0:00:00"]
[Board "98"]

1. c4 Nf6 2. Nc3 g6 3. g3 Bg7 4. Bg2 d6 5. d3 O-O 6. e3 e5 7. Nge2 Nc6 8. O-O Be6 9. Rb1 a5 10. a3 Qd7 11. b4 axb4 12. axb4 Bh3 13. b5 Bxg2 14. Kxg2 Ne7 15. Bb2 d5 16. Nxd5 Nfxd5 17. cxd5 Qxd5+ 18. Kg1 Rfd8 19. d4 exd4 20. Bxd4 Bxd4 21. Qxd4 Ra2 22. Qxd5 Nxd5 23. Nd4 Nc3 24. Rbc1 Rxd4 25. exd4 Ne2+ 26. Kg2 Nxc1 27. Rxc1 Rb2 28. Rxc7 Rxb5 29. Kf3 Rf5+ 30. Ke3 b5 31. Rb7 h5 32. f4 Kg7 33. Ke4 Kf6 34. d5 Kg7 35. Rxb5 Rf6 36. Rb7 Ra6 37. Rb2 Kf6 38. Rc2 1-0


[Site "https://www.chess.com"]

[Event "Titled Tuesday Blitz July 25 Late 2023"]
[White "Bueno, Alfeu Junior Varela"]
[Black "Pinheiro, Iung Alicio de O."]
[WhiteFideId "2108879"]
[BlackFideId "2104350"]
[WhiteElo "2391"]
[BlackElo "2599"]
[Result "0-1"]
[Round "6"]
[TimeControl "180+2"]
[Date "2023.07.25"]
[WhiteClock "0:00:03"]
[BlackClock "0:00:12"]
[Board "99"]

1. e4 c5 2. Nc3 Nc6 3. f4 e6 4. Bb5 Nge7 5. Nf3 a6 6. Bxc6 Nxc6 7. d3 Be7 8. O-O O-O 9. Qe1 d5 10. Qg3 Kh8 11. Bd2 b5 12. Rae1 b4 13. exd5 bxc3 14. Bxc3 Nd4 15. dxe6 Bxe6 16. Ng5 Bf6 17. Ne4 Rc8 18. f5 Bd5 19. Rf4 Be5 20. f6 gxf6 21. Qh4 Rg8 22. Rxf6 Bxe4 23. Rxe4 Qxf6 24. Bxd4 Bxd4+ 25. Rxd4 Qxd4+ 0-1


[Site "https://www.chess.com"]

[Event "Titled Tuesday Blitz July 25 Late 2023"]
[White "Storn, Justin"]
[Black "Veiga, Jose Francisco R P Neves"]
[WhiteFideId "30922720"]
[BlackFideId "1930087"]
[WhiteElo "2389"]
[BlackElo "2556"]
[Result "1-0"]
[Round "6"]
[TimeControl "180+2"]
[Date "2023.07.25"]
[WhiteClock "0:00:51"]
[BlackClock "0:01:02"]
[Board "100"]

1. d4 b6 2. c4 Bb7 3. Nc3 e6 4. e4 Bb4 5. f3 d5 6. cxd5 Bxc3+ 7. bxc3 exd5 8. Bd3 dxe4 9. fxe4 Bxe4 10. Bxe4 Qh4+ 11. Kd2 Qxe4 12. Nf3 Qf4+ 13. Kc2 Qf5+ 14. Kd2 f6 15. Re1+ Kf7 16. Qb3+ Kf8 17. Ba3+ c5 18. dxc5 Nd7 19. cxb6+ Nc5 20. Nd4 Rd8 21. bxa7 Ne7 22. Bxc5 Qxc5 23. Kc2 Qg5 24. Ne6+ 1-0


[Site "https://www.chess.com"]

[Event "Titled Tuesday Blitz July 25 Late 2023"]
[White "Haitin, Ilja"]
[Black "Fonseca Manrique, Enrique"]
[WhiteFideId "4501764"]
[BlackFideId "5114330"]
[WhiteElo "2385"]
[BlackElo "2549"]
[Result "0-1"]
[Round "6"]
[TimeControl "180+2"]
[Date "2023.07.25"]
[WhiteClock "0:00:21"]
[BlackClock "0:00:10"]
[Board "101"]

1. Nf3 Nf6 2. b3 g6 3. Bb2 Bg7 4. e3 O-O 5. Be2 d6 6. d4 c5 7. c4 Nbd7 8. O-O a6 9. Nc3 b6 10. Rc1 Bb7 11. Qc2 Rc8 12. d5 b5 13. e4 b4 14. Nb1 a5 15. Nbd2 a4 16. Rce1 axb3 17. axb3 Ra8 18. h3 Ra2 19. Qb1 Rxb2 20. Qxb2 Nxd5 21. Qc2 Nc3 22. Bd3 Qc7 23. Kh1 Ra8 24. Nb1 Ra2 25. Qc1 Qa5 26. Qg5 Bf6 27. Qg4 Bc8 28. e5 dxe5 29. Nxc3 bxc3 30. Rc1 h5 31. Qe4 Qc7 32. Rc2 Rb2 33. Rxb2 cxb2 34. Bb1 Bb7 35. Qd3 e4 36. Qd2 exf3 37. g3 h4 38. Qf4 Qxf4 39. gxf4 Nf8 40. b4 cxb4 41. c5 Ne6 42. f5 gxf5 43. Bxf5 Nxc5 44. Rg1+ Kf8 45. Rd1 e6 46. Bb1 Bc3 47. Kh2 Be4 48. Bxe4 Nxe4 49. Rd7 Nxf2 50. Rd8+ Ke7 51. Rh8 Be5+ 52. Kg1 b1=Q+ 53. Kxf2 Qc2+ 54. Kxf3 Qf5+ 0-1


[Site "https://www.chess.com"]

[Event "Titled Tuesday Blitz July 25 Late 2023"]
[White "Feng, Eric"]
[Black "Cooklev, Steven"]
[WhiteFideId "30952590"]
[BlackFideId "2050552"]
[WhiteElo "2549"]
[BlackElo "2373"]
[Result "0-1"]
[Round "6"]
[TimeControl "180+2"]
[Date "2023.07.25"]
[WhiteClock "0:01:49"]
[BlackClock "0:00:39"]
[Board "102"]

1. d4 Nf6 2. c4 e6 3. Nf3 d5 4. g3 dxc4 5. Bg2 Nc6 6. O-O Rb8 7. Ne5 Nxe5 8. dxe5 Qxd1 9. Rxd1 Nd7 10. Bf4 Be7 11. Nd2 g5 12. Be3 Nxe5 13. Bd4 f6 14. Bxe5 fxe5 15. Nxc4 Bf6 16. Rac1 Bd7 17. Na5 c6 18. Nc4 Ke7 19. Nd6 Rhd8 20. Ne4 Be8 21. b3 b6 22. Kf1 c5 23. Bf3 h5 24. h3 Bg6 25. Nc3 Bf5 26. Kg2 g4 27. hxg4 hxg4 28. Be4 Rd4 29. e3 Rxe4 30. Nxe4 Bxe4+ 31. Kf1 Bf3 32. Rd3 e4 0-1


[Site "https://www.chess.com"]

[Event "Titled Tuesday Blitz July 25 Late 2023"]
[White "DampFalcon"]
[Black "Graif, William"]
[BlackFideId "2609835"]
[WhiteElo "2371"]
[BlackElo "2547"]
[Result "0-1"]
[Round "6"]
[TimeControl "180+2"]
[Date "2023.07.25"]
[WhiteClock "0:00:00"]
[BlackClock "0:00:04"]
[Board "103"]

1. e4 e5 2. Nf3 Bc5 3. Nc3 Nf6 4. Bc4 Nc6 5. d3 d6 6. O-O Bg4 7. h3 Bh5 8. Bg5 h6 9. Bh4 g5 10. Bg3 Qd7 11. Bb5 Rg8 12. Nd5 Nh7 13. b4 Bb6 14. Nxe5 Bxd1 15. Nxd7 Kxd7 16. Raxd1 Bd4 17. c3 Bg7 18. d4 a6 19. Bd3 Nf6 20. Nxf6+ Bxf6 21. f4 gxf4 22. Bxf4 Bg7 23. Be3 Rgf8 24. Rf5 Rae8 25. Rh5 Ne7 26. Rf1 Ng8 27. Rhf5 Re7 28. Bf2 Ke8 29. Bh4 Rd7 30. b5 axb5 31. Bxb5 c6 32. Bc4 Ne7 33. Rxf7 Rxf7 34. Rxf7 Ng6 35. Rxd7 Kxd7 36. Bg3 c5 37. Bf7 Nh8 38. Bf2 Nxf7 39. dxc5 Bxc3 40. cxd6 Nxd6 41. Be3 h5 42. g4 hxg4 43. hxg4 Nxe4 44. Kg2 Ke6 45. Kf3 Nf6 46. g5 Nd5 47. Bc1 Kf5 48. Ke2 Nf4+ 49. Kd1 Kxg5 50. Kc2 Be5 51. Kb3 Kf5 52. Be3 Ke4 53. Bc5 Kd5 54. Bf8 Ne6 55. Bh6 Kc6 56. Bd2 Kb5 57. Be1 Nc5+ 58. Kc2 Ka4 59. Kb1 Nd3 60. Bd2 Ka3 61. Be3 Bc3 62. Bb6 Nb4 63. Bc5 Ka4 64. Bf8 Nd5 65. Bd6 Bd4 66. Bf8 Nc3+ 67. Ka1 b5 68. a3 Ne4+ 69. Ka2 Bc5 0-1


[Site "https://www.chess.com"]

[Event "Titled Tuesday Blitz July 25 Late 2023"]
[White "littlepinkyboy"]
[Black "Martins, Bruno Andre Leite"]
[BlackFideId "1942255"]
[WhiteElo "2362"]
[BlackElo "2522"]
[Result "0-1"]
[Round "6"]
[TimeControl "180+2"]
[Date "2023.07.25"]
[WhiteClock "0:00:00"]
[BlackClock "0:00:06"]
[Board "104"]

1. Nf3 Nf6 2. g3 g6 3. Bg2 Bg7 4. O-O O-O 5. d4 c5 6. dxc5 Na6 7. Be3 Qc7 8. Nc3 Nxc5 9. Nb5 Qb6 10. c4 Ng4 11. Bd4 a6 12. Bxg7 Kxg7 13. Qd4+ Nf6 14. Nc3 d6 15. b3 Qb4 16. Nd5 e5 17. Nxb4 exd4 18. Nxd4 a5 19. Nd5 Be6 20. Nxf6 Kxf6 21. Rfd1 Ke7 22. a3 Rfb8 23. b4 axb4 24. axb4 Na6 25. Rdc1 Nxb4 26. Rxa8 Rxa8 27. Bxb7 Ra2 28. Be4 Rd2 29. Nf3 Rxe2 30. Bb1 Rb2 31. Nd4 Bxc4 32. Rxc4 Rxb1+ 33. Kg2 Nd5 34. Nc6+ Kd7 0-1


[Site "https://www.chess.com"]